 Dungeon Crawl Stone Soup version 0.22.1-2-g9c5b331383 (webtiles) character file.

57933 Jotun the Earth Mage (level 14, -6/86 HPs)
             Began as a Gargoyle Earth Elementalist on Jan 5, 2019.
             Was a High Priest of Vehumet.
             Mangled by an orc knight
             ... wielding a +1 vampiric great sword
              (14 damage)
             ... on level 2 of the Orcish Mines.
             The game lasted 01:22:28 (22394 turns).

Jotun the Earth Mage (Gargoyle Earth Elementalist) Turns: 22394, Time: 01:22:29

Health: -6/86      AC: 20    Str: 18    XL:     14   Next: 88%
Magic:  32/45      EV: 14    Int: 27    God:    Vehumet [*****.]
Gold:   1705       SH: 14    Dex: 10    Spells: 8/31 levels left

rFire    . . .     SeeInvis +   c - staff of earth
rCold    + + +     Gourm    .   w - +2 buckler
rNeg     + . .     Faith    .   O - +0 leather armour "Livad" {*Contam rC+++ Int+7}
rPois    ∞         Spirit   .   e - +0 hat
rElec    +         Reflect  +   g - +0 cloak of Vuif Zyu {rCorr MP+9 Str+5}
rCorr    +         Harm     .   Q - +0 pair of gloves
MR       +....                  M - +2 pair of boots
Stlth    ++........             n - +6 amulet of reflection
HPRegen  0.24/turn              h - ring of see invisible
MPRegen  0.29/turn              B - ring of magical power

@: flying, invisible
A: big wings, negative energy resistance 1, electricity resistance, unbreathing,
petrification resistance, rot immunity, AC +10
a: Stop Flying, Renounce Religion


You were on level 2 of the Orcish Mines.
You worshipped Vehumet.
Vehumet was extremely pleased with you.
You were hungry.

You visited 4 branches of the dungeon, and saw 19 of its levels.
You also visited: Labyrinth.

You collected 1705 gold pieces.

Inventory:

Missiles
 b - 92 stones (quivered)
Armour
 e - a +0 hat (worn)
 g - the +0 cloak of Vuif Zyu (worn) {rCorr MP+9 Str+5}
   (You found it on level 5 of the Lair of Beasts)

   It affects your strength (+5).
   It affects your magic capacity (+9).
   It provides partial protection from all sources of acid and corrosion.
 w - a +2 buckler (worn)
 y - +0 fire dragon scales
 M - a +2 pair of boots (worn)
 O - the +0 leather armour "Livad" (worn) {*Contam rC+++ Int+7}
   (You found it in a labyrinth)

   It affects your intelligence (+7).
   It renders you almost immune to cold.
   It causes magical contamination when unequipped.
 Q - a +0 pair of gloves (worn)
Magical Staves
 c - an uncursed staff of earth (weapon)
 s - an uncursed staff of wizardry
Jewellery
 h - a ring of see invisible (left hand)
 j - an uncursed ring of resist corrosion {unknown}
 k - an uncursed amulet of the gourmand
 n - a +6 amulet of reflection (around neck)
 p - an uncursed ring of fire
 B - a ring of magical power (right hand)
 G - a +5 ring of evasion
 U - an uncursed ring of fire
 W - an uncursed ring of ice {unknown}
 X - an uncursed amulet of regeneration
Wands
 f - a wand of polymorph (6)
 E - a wand of random effects (28)
 J - a wand of clouds (1)
 P - a wand of iceblast (5)
Scrolls
 a - a scroll of fog
 i - 4 scrolls of teleportation
 l - 9 scrolls of remove curse
 m - 2 scrolls of enchant weapon
 q - 3 scrolls of magic mapping
 t - a scroll of vulnerability {unknown}
 v - 5 scrolls of amnesia
 x - a scroll of summoning
 R - 2 scrolls of fear {unknown}
 T - 3 scrolls of random uselessness
 V - 2 scrolls of silence
Potions
 o - 3 potions of flight
 r - 2 potions of lignification
 z - a potion of might {unknown}
 A - 2 potions of resistance
 C - a potion of brilliance {unknown}
 D - 4 potions of haste
 F - 4 potions of curing
 H - 3 potions of mutation {unknown}
 I - a potion of berserk rage
 K - a potion of ambrosia {unknown}
 L - 2 potions of agility {unknown}
 N - a potion of degeneration {unknown}
 Y - 2 potions of invisibility
 Z - a potion of cancellation {unknown}
Comestibles
 d - 28 rations
 u - 3 chunks of flesh


   Skills:
 + Level 9.0 Fighting
   Level 7.0 Maces & Flails
 + Level 8.9 Armour
 + Level 7.1 Dodging
 - Level 2.1 Stealth
 + Level 9.5 Shields
 + Level 9.1 Spellcasting
 + Level 8.5 Conjurations
 - Level 0.7 Transmutations
 - Level 4.3 Fire Magic
 * Level 15.6 Earth Magic


You had 8 spell levels left.
You knew the following spells:

 Your Spells              Type           Power        Failure   Level  Hunger
a - Sandblast             Erth           ######       0%          1    None
b - Passwall              Tmut/Erth      ######..     1%          2    None
c - Stone Arrow           Conj/Erth      ######       1%          3    None
d - Lee's Rapid Deconstr  Erth           #######...   1%          5    ####...
e - Conjure Flame         Conj/Fire      #####...     1%          3    None
f - Petrify               Tmut/Erth      ######..     1%          4    #......
g - Bolt of Magma         Conj/Fire/Erth #######...   1%          5    ####...

Your spell library contained the following spells:

 Spells                   Type           Power        Failure   Level  Hunger
 Bolt of Draining         Conj/Necr      #####.....   7%          5    ####...
 Sting                    Conj/Pois      ####         1%          1    None
 Dazzling Spray           Conj/Hex       #####.       1%          3    None
 Inner Flame              Hex/Fire       ###.....     1%          3    None
 Mephitic Cloud           Conj/Pois/Air  ####....     1%          3    None
 Fulminant Prism          Conj/Hex       #####.....   2%          4    #......
 Leda's Liquefaction      Hex/Erth       ######....   2%          4    #......
 Beastly Appendage        Tmut           ###...       4%          1    None
 Corona                   Hex            ##.....      5%          1    None
 Summon Small Mammal      Summ           ##..         5%          1    None
 Sticks to Snakes         Tmut           ###.....     6%          2    None
 Venom Bolt               Conj/Pois      #####.....   7%          5    ####...
 Call Imp                 Summ           ##......     9%          2    None
 Ensorcelled Hibernation  Hex/Ice        ##....       9%          2    None
 Poisonous Vapours        Pois/Air       ##....       9%          2    None
 Spider Form              Tmut/Pois      ##........   14%         3    None
 Olgreb's Toxic Radiance  Pois           ##......     14%         4    #......
 Call Canine Familiar     Summ           ##......     16%         3    None
 Confuse                  Hex            ##......     16%         3    None
 Summon Guardian Golem    Hex/Summ       ##......     16%         3    None
 Tukima's Dance           Hex            ##......     16%         3    None
 Ice Form                 Ice/Tmut       ##......     43%         4    #......
 Summon Ice Beast         Ice/Summ       ##......     47%         4    #......
 Summon Lightning Spire   Summ/Air       ##......     47%         4    #......
 Freezing Cloud           Conj/Ice/Air   ####......   52%         6    ######.
 Blade Hands              Tmut           ###.......   73%         5    ####...
 Darkness                 Hex            ##........   100%        6    ######.
 Ring of Flames           Chrm/Fire      ###.......   100%        7    #######
 Discord                  Hex            ##........   100%        8    #######


Dungeon Overview and Level Annotations

Branches:
Dungeon (10/15)            Temple (1/1) D:4            Lair (6/6) D:8
 Shoals (0/4) Lair:4        Snake (0/4) Lair:4        Slime (0/5) Lair:6
    Orc (2/2) D:10
    Elf: Orc:2

Altars:
Cheibriados
Dithmenos
Fedhas
Gozag
Hepliaklqana
Ru
Trog
Uskayaw
Vehumet
Wu Jian
Xom
Yredelemnul
The Shining One
Beogh
Jiyva

Shops:
D:9 =   D:10 [

Annotations:
Lair:2 1 runed door, Ihlosi's ghost, journeyman KoIE


Innate Abilities, Weirdness & Mutations

You are resistant to torment.
Your stone body is resilient. (AC +10)
You are immune to poison.
Your large and strong wings let you fly indefinitely.
You resist negative energy. (rN+)
You are resistant to electric shocks. (rElec)
You can survive without breathing.
You are immune to petrification.
You are immune to rotting.


Message History

The bolt of magma misses the orc sorcerer.
The orc knight hits you with a long sword!!
* * * LOW HITPOINT WARNING * * *
Casting: Bolt of Magma (safe; 1% risk of failure)
Confirm with . or Enter, or press ? or * to list all spells.
Aiming: Bolt of Magma (safe; 1% risk of failure)
Press: ? - help, Shift-Dir - straight line, f - orc knight
Aim: an orc knight, wielding a long sword and wearing a plate armour (lightly
Okay, then.
As you read the scroll of fog, it crumbles to dust.
The scroll dissolves into smoke.
The smoke demon gestures at you. Something smites you!
* * * LOW HITPOINT WARNING * * *
The orc knight roars a battlecry!
The orc knight goes into a battle-frenzy!
You fade into invisibility!
The orc knight closely misses you.
The orc knight hits you with a vampiric great sword!
You die...

...........(##............#
..
......)..)...###............
##
...............##.......#....
.....)......)...##..........#
..#....#####.)[..####.#.#..
....... ###)...# #### .
......# ##§§.# ...### ##§§.#
... #@§§## . .÷..o.oo§§#
..3..÷o§.## ÷...÷...##
....÷...# ......### ....÷#
#####


You could see 2 orc knights, a smoke demon, an orc sorcerer and an orc priest.

Vanquished Creatures
  An orc warlord (Orc:1)
  A minotaur (Lab)
  The ghost of matti1234 the Covert, a journeyman OpWr of Gozag (Lair:4)
  5 hydras
  2 two-headed ogres (D:9)
  3 death yaks
  2 orc high priests (Orc:2)
  13 spriggans (Lair:6)
  The ghost of Cykl0x the Chopper, a novice GrFi of Okawaru (D:7)
  4 orc knights
  2 orc sorcerers
  A cyclops (Orc:1)
  An oklob plant (Lair:6)
  3 black mambas
  11 elephants (Lair:6)
  3 torpor snails
  Psyche (D:8)
  24 spiny frogs
  A rime drake (Lair:6)
  7 komodo dragons
  A minotaur skeleton (Lab)
  5 trolls
  5 hornets
  5 polar bears
  Grinder (D:4)
  4 blink frogs
  6 tyrant leeches (Lair:3)
  7 hippogriffs
  Sigmund (D:4)
  15 yaks
  A wyvern (Lair:4)
  2 hungry ghosts (D:7)
  A steam dragon (Lair:2)
  2 basilisks
  Menkaure (D:4)
  A swamp worm (Lair:3)
  12 water moccasins
  7 porcupines
  28 orc warriors
  A sky beast (D:9)
  3 ice beasts
  A phantom (D:7)
  6 black bears
  13 ogres
  37 wolves
  5 boggarts (Lair:6)
  10 centaurs
  13 crocodiles
  11 bullfrogs
  2 scorpions
  5 howler monkeys
  4 electric eels
  4 crimson imps
  A centaur zombie (D:5)
  8 hounds
  2 jellies
  25 orc priests
  A centaur skeleton (D:8)
  22 orc wizards
  2 bullfrog skeletons
  A gnoll shaman (D:10)
  7 worker ants
  A hound zombie (D:9)
  A hound skeleton (D:9)
  6 gnolls
  19 adders
  5 shadow imps
  2 oozes
  An adder skeleton (D:5)
  3 adder zombies
  4 worms
  7 dart slugs
  4 leopard geckos
  81 orcs
  2 ball pythons
  11 bats
  4 giant cockroaches
  12 hobgoblins
  21 jackals
  7 quokkas
  3 frilled lizards
  2 goblins (D:2)
  A jackal skeleton (D:4)
  5 kobolds
  A quokka skeleton (D:5)
  A quokka zombie (D:4)
  8 rats
  3 fungi
  3 plants
594 creatures vanquished.

Vanquished Creatures (others)
  A minotaur (Lair:4)
  3 centaurs
  13 fungi
  5 plants
  A withered plant (Lair:2)
23 creatures vanquished.

Grand Total: 617 creatures vanquished

Notes
Turn   | Place    | Note
-------+----------+-------------------------------------------
     0 | D:1      | Jotun the Gargoyle Earth Elementalist began the quest for
                  | the Orb.
     0 | D:1      | Reached XP level 1. HP: 10/10 MP: 3/3
    61 | D:1      | Reached skill level 4 in Earth Magic
   257 | D:1      | Reached XP level 2. HP: 7/15 MP: 1/5
  1000 | D:1      | Reached XP level 3. HP: 19/19 MP: 6/6
  1342 | D:1      | Learned a level 2 spell: Passwall
  1346 | D:1      | Learned a level 3 spell: Stone Arrow
  1447 | D:2      | Found a sacrificial altar of Ru.
  1461 | D:2      | Reached skill level 5 in Earth Magic
  1689 | D:2      | Reached XP level 4. HP: 16/24 MP: 5/8
  1808 | D:2      | Found a bloodstained altar of Trog.
  2081 | D:2      | Found a shimmering altar of Xom.
  2087 | D:2      | Found a glowing golden altar of the Shining One.
  2093 | D:2      | Found a shadowy altar of Dithmenos.
  2272 | D:3      | Reached XP level 5. HP: 25/28 MP: 1/9
  2302 | D:2      | Reached skill level 6 in Earth Magic
  2586 | D:3      | Noticed an ogre
  2596 | D:3      | Killed an ogre
  2596 | D:3      | Reached skill level 7 in Earth Magic
  2596 | D:3      | Reached XP level 6. HP: 32/32 MP: 3/11
  2687 | D:3      | Learned a level 5 spell: Lee's Rapid Deconstruction
  3329 | D:4      | Noticed Menkaure
  3342 | D:3      | Reached skill level 1 in Shields
  3393 | D:4      | Noticed Grinder
  3407 | D:4      | Reached XP level 7. HP: 36/36 MP: 1/13
  3519 | D:4      | Paralysed by Grinder for 6 turns
  3530 | D:4      | Killed Grinder
  3530 | D:4      | Reached skill level 8 in Earth Magic
  4305 | D:4      | Found a staircase to the Ecumenical Temple.
  4317 | Temple   | Entered the Ecumenical Temple
  4336 | Temple   | Became a worshipper of Vehumet
  4390 | D:4      | Killed Menkaure
  4390 | D:4      | Reached skill level 9 in Earth Magic
  4390 | D:4      | Reached XP level 8. HP: 41/41 MP: 5/15
  4720 | D:4      | Noticed Sigmund
  4723 | D:4      | Killed Sigmund
  5001 | D:5      | Entered Level 5 of the Dungeon
  5007 | D:5      | Reached skill level 1 in Fighting
  5126 | D:5      | Reached skill level 1 in Armour
  5257 | D:5      | Reached skill level 1 in Maces & Flails
  5257 | D:5      | Reached skill level 5 in Spellcasting
  5507 | D:5      | Found a basalt altar of Yredelemnul.
  6519 | D:6      | Reached XP level 9. HP: 48/48 MP: 16/16
  6590 | D:6      | Reached skill level 10 in Earth Magic
  6701 | D:6      | Reached * piety under Vehumet
  6701 | D:6      | Offered knowledge of Magic Dart by Vehumet.
  6982 | D:6      | Found a blossoming altar of Fedhas.
  7102 | D:7      | Found an opulent altar of Gozag.
  7103 | D:7      | Reached skill level 1 in Conjurations
  7268 | D:7      | Found a runed door.
  7271 | D:7      | Noticed Cykl0x's ghost (novice GrFi)
  7445 | D:7      | Learned a level 3 spell: Conjure Flame
  7788 | D:8      | Found a snail-covered altar of Cheibriados.
  7823 | D:8      | Reached skill level 1 in Fire Magic
  7830 | D:8      | Reached XP level 10. HP: 44/56 MP: 18/18
  7850 | D:8      | Reached skill level 5 in Shields
  7853 | D:8      | Reached skill level 11 in Earth Magic
  8101 | D:8      | Reached ** piety under Vehumet
  8102 | D:8      | Offered knowledge of Throw Frost by Vehumet.
  8131 | D:8      | Noticed Psyche
  8139 | D:8      | Killed Psyche
  8301 | D:8      | Found a staircase to the Lair.
  8682 | D:8      | Found a hazy altar of Hepliaklqana.
  8740 | D:9      | Found Mevoariq's Jewellery Boutique.
  8828 | D:9      | Noticed a two-headed ogre
  8853 | D:9      | Offered knowledge of Searing Ray by Vehumet.
  8869 | D:9      | Noticed a two-headed ogre
  8876 | D:9      | Killed a two-headed ogre
  9091 | D:9      | Killed a two-headed ogre
  9091 | D:9      | Reached XP level 11. HP: 62/62 MP: 19/20
  9231 | D:9      | Reached *** piety under Vehumet
  9238 | D:9      | Reached skill level 5 in Fighting
  9605 | D:10     | Entered Level 10 of the Dungeon
  9709 | D:10     | Offered knowledge of Ignite Poison by Vehumet.
  9911 | D:10     | Found Elioprod's Antique Armour Boutique.
  9916 | D:10     | Reached skill level 12 in Earth Magic
  9933 | D:10     | Reached skill level 5 in Armour
 10190 | D:10     | Reached **** piety under Vehumet
 10432 | D:10     | Offered knowledge of Lightning Bolt by Vehumet.
 10440 | D:10     | Noticed an orc knight
 10471 | D:10     | Killed an orc knight
 10777 | D:10     | Found a staircase to the Orcish Mines.
 10985 | D:7      | Killed Cykl0x's ghost
 11127 | Lair:1   | Entered Level 1 of the Lair of Beasts
 11300 | Lair:1   | Reached skill level 5 in Maces & Flails
 11862 | Lair:1   | Noticed a five-headed hydra
 11871 | Lair:1   | Killed a five-headed hydra
 12331 | Lair:2   | Reached skill level 5 in Conjurations
 12514 | Lair:2   | Reached XP level 12. HP: 69/69 MP: 22/22
 12647 | Lair:2   | Found a runed door.
 12652 | Lair:2   | Noticed Ihlosi's ghost (journeyman KoIE)
 13452 | Lair:3   | Reached skill level 5 in Dodging
 13494 | Lair:3   | Reached skill level 13 in Earth Magic
 14211 | Lair:4   | Found a staircase to the Snake Pit.
 14555 | Lair:4   | Noticed a four-headed hydra
 14565 | Lair:4   | Killed a four-headed hydra
 14825 | Lair:4   | Found a staircase to the Shoals.
 14829 | Lair:4   | Noticed a death yak
 14832 | Lair:4   | Noticed a death yak
 14837 | Lair:4   | Killed a death yak
 14840 | Lair:4   | Killed a death yak
 14840 | Lair:4   | Reached XP level 13. HP: 71/76 MP: 20/24
 15069 | Lair:4   | Found a runed gate.
 15069 | Lair:4   | Found a runed gate.
 15069 | Lair:4   | Found a runed gate.
 15073 | Lair:4   | Noticed matti1234's ghost (journeyman OpWr)
 15088 | Lair:4   | Noticed a minotaur
 15096 | Lair:4   | Reached ***** piety under Vehumet
 15141 | Lair:4   | Offered knowledge of Sticky Flame by Vehumet.
 15142 | Lair:4   | Killed matti1234's ghost
 15155 | Lair:4   | HP: 2/76 [minotaur/halberd (14)]
 15164 | Lair:4   | Killed a minotaur
 16299 | Lair:5   | Reached skill level 14 in Earth Magic
 17012 | Lair:5   | Got an ancient cloak
 17094 | Lair:5   | Identified the cursed +0 cloak of Vuif Zyu {rCorr MP+9
                  | Str+5} (You found it on level 5 of the Lair of Beasts)
 17343 | Lair:6   | Entered Level 6 of the Lair of Beasts
 17386 | Lair:6   | Found a staircase to the Slime Pits.
 17386 | Lair:6   | Found a viscous altar of Jiyva.
 17448 | Lair:6   | Found a labyrinth entrance.
 17454 | Lab      | Entered a labyrinth
 17977 | Lab      | Noticed a minotaur
 17984 | Lab      | Killed a minotaur
 18074 | Lab      | Identified the Almanac of Bewitchment
 18085 | Lab      | Got a spiked leather armour
 18089 | Lab      | Identified Sif Muna's Collected Works on the Rocks
 18691 | Lair:6   | Gained mutation: Your large and strong wings let you fly
                  | indefinitely. [Gargoyle growth]
 18691 | Lair:6   | Reached XP level 14. HP: 84/84 MP: 26/26
 18871 | Lair:6   | Identified the cursed +0 leather armour "Livad" {*Contam
                  | rC+++ Int+7} (You found it in a labyrinth)
 19316 | Lair:6   | Learned a level 4 spell: Petrify
 19322 | Lair:6   | Learned a level 5 spell: Bolt of Magma
 19623 | Lair:6   | Reached skill level 15 in Earth Magic
 19631 | Lair:6   | Offered knowledge of Spellforged Servitor by Vehumet.
 19999 | Lair:6   | Found a shadowy altar of Dithmenos.
 20534 | Orc:1    | Entered Level 1 of the Orcish Mines
 20944 | Orc:1    | Noticed an orc warlord
 20948 | Orc:1    | Killed an orc warlord
 21332 | Orc:1    | Found a roughly hewn altar of Beogh.
 21502 | Orc:2    | Entered Level 2 of the Orcish Mines
 21668 | Orc:2    | Found a roughly hewn altar of Beogh.
 21847 | Orc:2    | Offered knowledge of Bolt of Draining by Vehumet.
 22142 | Orc:2    | Paralysed by an orc sorcerer for 5 turns
 22394 | Orc:2    | Mangled by an orc knight

Skill      XL: |  1  2  3  4  5  6  7  8  9 10 11 12 13 14 |
---------------+-------------------------------------------+-----
Earth Magic    | 4 5 7 9 10 11 12 13 14 15 | 15.6
Spellcasting   | 3 4 5 6 7 8 9 |  9.1
Shields        | 1 3 4 5 6 7 8 9 |  9.5
Fighting       | 2 3 4 5 6 8 9 |  9.0
Armour         | 2 3 4 5 6 7 8 |  8.9
Maces & Flails | 1 3 4 5 6 7 |  7.0
Dodging        | 2 3 4 5 6 7 |  7.1
Conjurations   | 2 3 5 6 7 8 |  8.5
Fire Magic     | 1 3 4 |  4.3
Stealth        | |  2.1
Transmutations | |  0.7

Action                   |  1- 3 |  4- 6 |  7- 9 | 10-12 | 13-15 || total
-------------------------+-------+-------+-------+-------+-------++-------
Melee: Unarmed           |    15 |       |       |       |       ||    15
       Club              |   119 |   117 |       |       |       ||   236
       Staff             |       |    61 |    67 |    51 |    32 ||   211
 Cast: Sandblast         |    17 |    49 |   106 |   216 |   155 ||   543
       Stone Arrow       |       |     2 |    19 |    99 |   118 ||   238
       Lee's Rapid Decon |       |     4 |     5 |    34 |    47 ||    90
       Conjure Flame     |       |       |     1 |    15 |    13 ||    29
       Bolt of Magma     |       |       |       |       |   120 ||   120
 Abil: Fly               |       |       |       |       |     1 ||     1
Evoke: Wand              |       |       |       |     5 |     8 ||    13
  Use: Scroll            |     2 |     4 |       |    13 |    13 ||    32
       Potion            |       |       |       |       |     5 ||     5
 Stab: Sleeping          |       |       |     1 |     1 |       ||     2
  Eat: Chunk             |    15 |     2 |    10 |    27 |    45 ||    99
       Ration            |       |       |     1 |     2 |     2 ||     5
Armor: Robe              |    77 |    98 |    31 |    27 |       ||   233
       Fire dragon scale |       |       |       |    70 |    74 ||   144
       Leather armour    |       |       |       |       |    46 ||    46
Dodge: Dodged            |   141 |   170 |    67 |    84 |   110 ||   572
Block: Other             |       |    64 |    42 |     5 |       ||   111
       Shield            |       |    28 |       |   198 |   153 ||   379
       Reflection        |       |       |       |    20 |    22 ||    42
       Buckler           |       |       |       |       |   140 ||   140
